 Dungeon Crawl Stone Soup version 0.28-a0-1312-g71652a0310 (webtiles) character file.

Game seed: 7620166921526465571

389 idiotdumb the Cudgeller (level 6, 0/37 HPs)
             Began as a Gargoyle Gladiator on Dec 28, 2021.
             Killed by nerve-wracking pain
             ... invoked by an orc priest
              (6 damage)
             ... on level 5 of the Dungeon.
             The game lasted 00:20:56 (1433 turns).

idiotdumb the Cudgeller (Gargoyle Gladiator)        Turns: 1433, Time: 00:21:01

Health: 0/37       AC: 15    Str: 19    XL:     6   Next: 79%
Magic:  0/6        EV:  8    Int:  9    God:
Gold:   97         SH:  0    Dex: 11    Spells: 5/5 levels left

rFire   . . .      SeeInvis .   a - +1 flail
rCold   . . .      Faith    .   (no shield)
rNeg    + . .      Spirit   +   p - +0 chain mail
rPois   ∞          Reflect  .   c - +1 helmet
rElec   +          Harm     .   (no cloak)
rCorr   .          Rampage  .   (no gloves)
Will    .....                   (no boots)
Stlth   ..........              n - amulet of guardian spirit
HPRegen 0.12/turn               (no ring)
MPRegen 0.10/turn               (no ring)

@: no status effects
A: sickness immunity, AC +4, negative energy resistance 1, electricity
resistance, torment resistance 1, petrification resistance
a: no special abilities


You were on level 5 of the Dungeon.
You visited 1 branch of the dungeon, and saw 5 of its levels.

You collected 97 gold pieces.

Inventory:

Hand Weapons
 a - a +1 flail (weapon)
 h - a +0 hunting sling
 m - a +1 whip of electrocution
Missiles
 i - 52 stones
 s - 3 throwing nets (quivered)
Armour
 c - a +1 helmet (worn)
 p - a +0 chain mail (worn)
Jewellery
 n - an amulet of guardian spirit (around neck)
Scrolls
 b - a scroll of magic mapping {unknown}
 d - a scroll of teleportation
 j - 2 scrolls of identify
 k - 2 scrolls of enchant armour
 l - a scroll of blinking
Potions
 e - a potion of ambrosia
 o - a potion of mutation {unknown}


   Skills:
 + Level 3.1 Fighting
 + Level 5.6 Maces & Flails
 + Level 2.0 Throwing
 + Level 2.4 Armour
 + Level 3.5 Dodging
 + Level 0.6 Stealth


You had 5 spell levels left.
You didn't know any spells.
Your spell library was empty.

Dungeon Overview and Level Annotations

Branches:
Dungeon (5/15)
 Temple: D:4-7

Altars:

Shops:
D:2 (   D:4 [


Innate Abilities, Weirdness & Mutations

You are immune to sickness and miasma.
Your stone body is resilient. (AC +4)
You are immune to poison.
You resist negative energy. (rN+)
You are resistant to electric shocks. (rElec)
You are resistant to unholy torment.
You are immune to petrification.


Message History

An orc priest comes into view. It is wielding a +0 hand axe.
The orc priest shouts!
The orc priest hits you but does no damage.
The orc priest hits you but does no damage.
You barely miss the orc priest.
The orc priest invokes the aid of Beogh against you.
Pain shoots through your body!
The orc priest hits you with a +4 short sword of holy wrath.
The orc priest hits you but does no damage.
An orc comes into view. It is wielding a +0 dagger.
The orc priest hits you but does no damage.
You thump the orc priest!
The orc priest is severely wounded.
The orc priest hits you with a +0 hand axe.
The orc priest barely misses you.
You hit the orc priest.
The orc priest is almost dead.
The orc priest hits you with a +0 hand axe.
The orc priest hits you with a +4 short sword of holy wrath.
The orc priest hits you but does no damage.
You hit the orc priest.
The orc priest is almost dead.
The orc priest hits you with a +4 short sword of holy wrath.
The orc priest looks satisfied for a moment.
You sock the orc priest!
You kill the orc priest!
The orc priest hits you but does no damage.
You sock the orc!
You kill the orc!
The orc priest hits you but does no damage.
You closely miss the orc priest.
The orc priest hits you with a +4 short sword of holy wrath!
You hit the orc priest.
The orc priest is heavily wounded.
The orc priest mumbles some strange prayers to Beogh against you.
Beogh smites you!
* * * LOW HITPOINT WARNING * * *
The orc priest invokes the aid of Beogh against you.
Pain shoots through your body!
You die...

#.. #.# ..
#.# .#
###.###(
........
#.... .#
#.#)#
.###.#
#.#@##....#
#...o).#
#......#
#......#
#......#
#.<....#
###.##.#
#.# .# ...
.#


You could see an orc priest.

Vanquished Creatures
  A necrophage (D:4)
  An ogre (D:4)
  A centaur skeleton (D:5)
  A hound (D:4)
  2 orc priests
  3 gnolls (D:2)
  2 adders (D:4)
  3 dart slugs
  8 orcs
  A ball python (D:1)
  2 bats
  5 endoplasms
  A giant cockroach (D:3)
  2 hobgoblins (D:2)
  2 jackals (D:3)
  4 quokkas
  2 frilled lizards
  2 goblins (D:2)
  A kobold (D:3)
  A rat (D:1)
45 creatures vanquished.

Notes
Turn   | Place    | Note
-------+----------+-------------------------------------------
     0 | D:1      | idiotdumb the Gargoyle Gladiator began the quest for the
                  | Orb.
     0 | D:1      | Reached XP level 1. HP: 12/12 MP: 1/1
    84 | D:1      | Reached XP level 2. HP: 3/17 MP: 2/2
   491 | D:2      | Found Jaqaila's Antique Weapon Emporium.
   569 | D:2      | Reached XP level 3. HP: 20/22 MP: 3/3
   577 | D:2      | Reached skill level 4 in Maces & Flails
   688 | D:2      | Reached XP level 4. HP: 27/27 MP: 4/4
   924 | D:3      | Reached skill level 1 in Armour
  1078 | D:4      | Reached XP level 5. HP: 31/31 MP: 5/5
  1109 | D:4      | Found Qotaum's Antique Armour Shoppe.
  1143 | D:4      | Noticed an ogre
  1154 | D:4      | Killed an ogre
  1156 | D:4      | Noticed a necrophage
  1168 | D:4      | Killed a necrophage
  1169 | D:4      | Reached skill level 5 in Maces & Flails
  1169 | D:4      | Reached XP level 6. HP: 21/37 MP: 6/6
  1405 | D:5      | Entered Level 5 of the Dungeon
  1433 | D:5      | Killed from afar by an orc priest

Illustrated notes

Levels and vault maps discovered:
D:1:      saegor_arrival_simple_a, layout_basic, minmay_worlds_worst_comb
D:2:      layout_basic, basic_ecumenical_altar, serial_shops,
          nicolae_shop_crystal
D:3:      layout_basic, uniq_robin
D:4:      layout_loops_ring, serial_shops, nicolae_shop_window_shopping,
          nicolae_underground_beach, uniq_blork_the_orc
D:5:      layout_loops_ring, uniq_edmund

Skill      XL: |  1  2  3  4  5 |
---------------+----------------+-----
Throwing       | 2 |  2.0
Maces & Flails | 4 5 |  5.6
Armour         | 1 2 |  2.4
Dodging        | 3 |  3.5
Fighting       | 3 |  3.1
Stealth        | |  0.6

Action                   |  1- 3 |  4- 6 || total
-------------------------+-------+-------++-------
Melee: Flail             |    51 |    72 ||   123
       Whip              |       |    29 ||    29
  Use: Scroll            |     2 |     3 ||     5
       Potion            |     1 |     1 ||     2
Armor: Leather armour    |    12 |    33 ||    45
       Chain mail        |       |    20 ||    20
Dodge: Dodged            |    41 |    69 ||   110

Table legend: (Time is in decaauts)
 A = Elapsed time spent in this place.
 B = Non-inter-level travel time spent in this place.
 C = Inter-level travel time spent in this place.
 D = Time resting spent in this place.
 E = Time spent auto-exploring this place.
 F = Levels seen in this place.
 G = Mean time per level.
                   A        B        C        D        E       F      G
               +--------+--------+--------+--------+--------+-----+--------+
         Total |   1451 |    533 |    918 |      0 |     49 |   5 |  290.2 |
       Dungeon |   1451 |    533 |    918 |      0 |     49 |   5 |  290.2 |
               +--------+--------+--------+--------+--------+-----+--------+

Top non-repeatable levels by time:
     D:1: 449 daAuts
     D:3: 353 daAuts
     D:2: 311 daAuts
     D:4: 307 daAuts
     D:5: 30 daAuts
